 Dungeon Crawl Stone Soup version 0.20.0-8-g6b59dc7 (webtiles) character file.

30 Monsterracer the Cudgeler (level 3, 19/23 HPs)
             Began as a Gargoyle Chaos Knight on May 31, 2017.
             Quit the game on level 1 of the Dungeon on June 1, 2017.
             The game lasted 00:02:07 (362 turns).

Monsterracer the Cudgeler (Gargoyle Chaos Knight)    Turns: 362, Time: 00:02:08

Health: 19/23      AC:  8    Str: 16    XL:     3   Next: 20%
Magic:  3/3        EV: 11    Int: 12    God:    Xom [...*..]
Gold:   28         SH:  0    Dex:  9    Spells: 2/2 levels left

rFire    . . .     SeeInvis .   a - +0 mace (chaos)
rCold    . . .     Gourm    .   (no shield)
rNeg     + . .     Faith    .   b - +2 leather armour
rPois    ∞         Spirit   .   (no helmet)
rElec    +         Reflect  .   (no cloak)
rCorr    .         Harm     .   (no gloves)
MR       .....                  (no boots)
Stlth    +.........             (no amulet)
Regen    0.1/turn               (no ring)
MPRegen  0.1/turn               (no ring)

@: no status effects
A: negative energy resistance 1, electricity resistance, unbreathing,
petrification resistance, rot immunity, AC +3
a: Renounce Religion


You were on level 1 of the Dungeon.
You worshipped Xom.
You were a favourite toy of Xom.
You were not hungry.

You visited 1 branch of the dungeon, and saw 1 of its levels.

You collected 28 gold pieces.

Inventory:

Hand Weapons
 a - a +0 mace of chaos (weapon)
Armour
 b - a +2 leather armour (worn)
Scrolls
 d - a scroll of remove curse {unknown}
 e - a scroll of enchant weapon {unknown}
 f - a scroll of identify {unknown}
Comestibles
 c - 2 bread rations


   Skills:
 - Level 3.2 Fighting
 + Level 4.2 Maces & Flails
 - Level 2.1 Armour
 - Level 0.7 Dodging


You had 2 spell levels left.
You didn't know any spells.

Dungeon Overview and Level Annotations

Branches:
Dungeon (1/15)

Altars:


Innate Abilities, Weirdness & Mutations

You are resistant to torment.
Your stone body is resilient. (AC +3)
You are immune to poison.
You resist negative energy. (rN+)
You are resistant to electric shocks. (rElec)
You can survive without breathing.
You are immune to petrification.
You are immune to rotting.


Message History

The jackal bites you but does no damage.
The jackal bites you.
You closely miss the jackal.
The jackal is heavily wounded.
The jackal completely misses you.
The jackal bites you but does no damage.
You hit the jackal but do no damage.
The jackal is heavily wounded.
The jackal completely misses you.
You hit the jackal but do no damage.
The jackal is heavily wounded.
The jackal barely misses you.
The jackal bites you but does no damage.
You hit the jackal but do no damage.
The jackal is poisoned.
The jackal is heavily wounded.
The jackal bites you but does no damage.
Welcome back, Monsterracer the Gargoyle Chaos Knight.
Xom snickers.
Press ? for a list of commands and other information.
Are you sure you want to abandon this character and quit the game? (Confirm with "yes".)

. #.........≈.§ #. ...
#.#######.≈.§
.##..#####.# #.#§.
.#........# ####≈
...##....# #.§.
#..#.....##### #...
##..#........... #...
.###..h#)....########...
.......@[)...# #.....
..........)..# #...##
#####..........# ##.....
#........#.###..###.
#............†.## #.
#.#.######......###.
#...# ####....... ..###
###....... ##.†.......


You could see a jackal.

Vanquished Creatures
  2 oozes (D:1)
  A leopard gecko (D:1)
  2 bats (D:1)
  3 goblins (D:1)
  A hobgoblin (D:1)
  5 kobolds (D:1)
  2 ball pythons (D:1)
  3 frilled lizards (D:1)
19 creatures vanquished.

Notes
Turn   | Place    | Note
-------+----------+-------------------------------------------
     0 | D:1      | Monsterracer the Gargoyle Chaos Knight began the quest for the Orb.
     0 | D:1      | Reached XP level 1. HP: 14/14 MP: 1/1
     2 | D:1      | XOM: harmless Tmut miscast
    98 | D:1      | XOM: cleaving
   100 | D:1      | Reached XP level 2. HP: 17/19 MP: 2/2
   137 | D:1      | XOM: cleaving
   165 | D:1      | XOM: smoke on damage
   166 | D:1      | Reached skill level 4 in Maces & Flails
   166 | D:1      | Reached XP level 3. HP: 19/23 MP: 3/3
   312 | D:1      | XOM: harmless Tloc miscast
   362 | D:1      | Quit the game

Skill      XL: |  1  2 |
---------------+-------+-----
Maces & Flails | 4 |  4.2
Fighting       | |  3.2
Armour         | |  2.1
Dodging        | |  0.7

Action                   || total
-------------------------++-------
Melee: Mace              ||    79
  Use: Potion            ||     4
 Stab: Sleeping          ||     2
Armor: Leather armour    ||    48
Dodge: Dodged            ||    56
